AoeStats
← be4thoven

Golden Pit

507562114Analyzed
1v1 RM · 15d ago on Sep 18, 2026· 50m 39s· 2 players
Game mode
Random Map
Map size
Tiny (2 player)
Population
200
Speed
Normal
Resources
Standard
Victory
Conquest
Starting age
Dark Age
Ending age
Imperial Age
RankedLock teamsTeams togetherTeam positionsShared explorationLock speedFull tech treeHidden civsTurbo modeCheats
Victory
Defeat
🇫🇷 Franks · France
784
+17
🇩🇪 Mongols · Germany
795
-17
Zouki
8:31 Loom
11:42 Feudal Age
13:28 Wheelbarrow
12:40 Double-Bit Axe
12:42 Town Watch
18:22 Forging
18:19 Scale Barding Armor
21:48 Castle Age
20:21 Gold Mining
20:21 Stone Mining
22:58 Hand Cart
22:56 Bow Saw
29:29 Scale Barding Armor
30:00 Iron Casting
31:14 Pikeman
32:17 Chain Barding Armor
34:09 Husbandry
38:49 Imperial Age
37:59 Scale Mail Armor
40:00 Cavalier
43:37 Elite Throwing Axeman
46:26 Blast Furnace
46:26 Chivalry
46:47 #83
48:56 Paladin
be4thoven
7:49 Loom
9:39 Feudal Age
10:12 Double-Bit Axe
10:08 Horse Collar
13:25 Loom
16:39 Forging
17:26 Bloodlines
18:52 Wheelbarrow
20:41 Scale Barding Armor
24:22 Castle Age
24:16 Fletching
24:27 Padded Archer Armor
27:25 Bodkin Arrow
27:13 Light Cavalry
27:55 Husbandry
28:43 Heavy Plow
29:08 Bow Saw
34:12 Iron Casting
34:53 Thumb Ring
36:24 Leather Archer Armor
37:42 Hand Cart
38:45 Chain Barding Armor
44:45 Imperial Age
43:41 Pikeman
44:23 Squires
44:51 Hussar
46:04 Parthian Tactics
45:51 Scale Mail Armor
46:12 Elite Skirmisher
49:51 Chain Mail Armor
Connection lost

Rejoining the realm…

Still unreachable

The connection could not be restored.

Session expired

The server has moved on; the page needs a fresh start.